 Dungeon Crawl Stone Soup version 0.23.2-1-ga50397a (webtiles) character file.

Game seed: 1225270962844626636

3182 havocjr2 the Nimble (level 9, -1/71 HPs)
             Began as a Gnoll Gladiator on Apr 26, 2019.
             Was an Elder of Trog.
             Slain by a two-headed ogre
             ... wielding a +0 giant club
              (15 damage)
             ... on level 8 of the Dungeon.
             The game lasted 00:33:31 (7315 turns).

havocjr2 the Nimble (Gnoll Gladiator)               Turns: 7315, Time: 00:33:32

Health: -1/71      AC: 12    Str: 24    XL:     9   Next: 95%
Magic:  15/15      EV: 13    Int: 11    God:    Trog [****..]
Gold:   547        SH:  0    Dex: 17    Spells: 17/17 levels left

rFire    . . .     SeeInvis .   B - +2 war axe (freeze)
rCold    . . .     Gourm    .   (no shield)
rNeg     . . .     Faith    .   C - +0 chain mail
rPois    .         Spirit   .   c - +0 helmet
rElec    .         Reflect  .   (no cloak)
rCorr    +         Harm     .   (no gloves)
MR       .....                  v - +0 pair of boots
Stlth    ..........             (no amulet)
HPRegen  0.21/turn              g - ring of resist corrosion
MPRegen  0.14/turn              A - +5 ring of strength

@: no status effects
A: distributed training, fangs 1, strong nose
a: Berserk, Trog's Hand, Brothers in Arms, Renounce Religion


You were on level 8 of the Dungeon.
You worshipped Trog.
Trog was greatly pleased with you.
You were not hungry.

You visited 1 branch of the dungeon, and saw 8 of its levels.

You collected 547 gold pieces.

Inventory:

Hand Weapons
 a - a +1 war axe
 z - a +2 mace of protection
 B - a +2 war axe of freezing (weapon)
 I - a +0 longbow
 K - the +4 trident "Merghar" {protect, +Rage rC+ Str+5, unknown}
   (You found it on level 7 of the Dungeon)

   It protects the one who uses it against injury (+AC on strike).
   It affects your strength (+5).
   It protects you from cold.
   It lets you go berserk.
Missiles
 i - 163 stones
 w - 11 tomahawks (quivered)
 M - 22 bolts
 P - 23 arrows
Armour
 c - a +0 helmet (worn)
 d - the +0 cloak "Toroll" {Str-5 Int+5}
   (You found it on level 5 of the Dungeon)

   It affects your strength (-5).
   It affects your intelligence (+5).
 h - a +0 scale mail
 q - a +0 ring mail
 v - a +0 pair of boots (worn)
 C - a +0 chain mail (worn)
Jewellery
 b - an uncursed ring of positive energy
 g - a ring of resist corrosion (left hand)
 p - an uncursed ring of see invisible
 r - an uncursed ring of protection from fire
 A - a +5 ring of strength (right hand)
Wands
 H - a wand of scattershot (5)
 N - a wand of flame (9)
Scrolls
 e - a scroll of enchant weapon
 j - 4 scrolls of remove curse
 k - a scroll of acquirement {unknown}
 m - a scroll of blinking {unknown}
 o - 6 scrolls of magic mapping
 s - 2 scrolls of fear {unknown}
 x - a scroll of noise {unknown}
 y - 5 scrolls of teleportation {unknown}
 F - a scroll of random uselessness {unknown}
 G - a scroll of immolation {unknown}
 L - a scroll of silence {unknown}
 Q - a scroll of fog {unknown}
Potions
 l - 3 potions of might
 n - 5 potions of ambrosia
 t - a potion of haste
 u - 2 potions of curing
 D - a potion of flight
 E - a potion of brilliance
 J - a potion of lignification
 O - a potion of cancellation {unknown}
Comestibles
 f - 11 rations


   Skills:
 + Level 6.6 Fighting
 + Level 4.6 Short Blades
 + Level 4.6 Long Blades
 + Level 8.1 Axes
 + Level 4.6 Maces & Flails
 + Level 4.6 Polearms
 + Level 4.6 Staves
 + Level 4.6 Slings
 + Level 4.6 Bows
 + Level 4.6 Crossbows
 + Level 6.6 Throwing
 + Level 4.6 Armour
 + Level 8.1 Dodging
 + Level 4.6 Stealth
 + Level 4.6 Shields
 + Level 4.6 Unarmed Combat
 + Level 4.6 Spellcasting
 + Level 3.8 Conjurations
 + Level 3.8 Hexes
 + Level 3.8 Charms
 + Level 3.8 Summonings
 + Level 3.8 Necromancy
 + Level 3.8 Translocations
 + Level 3.8 Transmutations
 + Level 3.8 Fire Magic
 + Level 3.8 Ice Magic
 + Level 3.8 Air Magic
 + Level 3.8 Earth Magic
 + Level 3.8 Poison Magic
 + Level 5.1 Invocations
 + Level 4.6 Evocations


You had 17 spell levels left.
You didn't know any spells.
Your spell library contained the following spells:

 Spells                   Type           Power        Failure   Level  Hunger
 Freeze                   Ice            ##..         30%         1    None
 Throw Frost              Conj/Ice       ##....       43%         2    ##.....
 Ozocubu's Armour         Chrm/Ice       ##......     67%         3    ###....
 Summon Ice Beast         Ice/Summ       ##......     97%         4    ####...
 Throw Icicle             Conj/Ice       ##......     97%         4    ####...


Dungeon Overview and Level Annotations

Branches:
Dungeon (8/15)             Temple (0/1) D:7
   Lair: D:8-11

Altars:
Nemelex Xobeh
Qazlal
Trog
Wu Jian
Yredelemnul

Annotations:
D:3 2 transporters, MajorAdolf's ghost, amateur NaWn
D:4 2 runed translucent doors, Tramtrist's ghost, amateur DDFi


Innate Abilities, Weirdness & Mutations

Your experience applies equally to all skills.
You have very sharp teeth.
Your uncanny sense of smell can sniff out nearby items.


Message History

You bite the two-headed ogre.
The two-headed ogre is lightly wounded.
The two-headed ogre hits you with a +0 giant club.
The two-headed ogre hits you with a +0 giant club!!
You slash the two-headed ogre! You freeze the two-headed ogre.
The two-headed ogre is moderately wounded.
You hit the two-headed ogre. You freeze the two-headed ogre.
The two-headed ogre is moderately wounded.
The two-headed ogre completely misses you. x2
You slash the two-headed ogre! You freeze the two-headed ogre.
The two-headed ogre is severely wounded.
The two-headed ogre hits you with a +0 giant club!
* * * LOW HITPOINT WARNING * * *
The two-headed ogre hits you with a +0 giant club.
* * * LOW HITPOINT WARNING * * *
You slash the two-headed ogre! You freeze the two-headed ogre.
The two-headed ogre is almost dead.
The two-headed ogre hits you but does no damage.
The two-headed ogre hits you with a +0 giant club!
You die...

∆ ### #..
##+###.#
##...##.#
##.....#.######
##..............
#.......O.#
+.......@.+
#.........#
##.......##
##..)..## ∆
##...## ##÷##
#(# #.# ##.##


You could see a two-headed ogre.

Vanquished Creatures
  Joseph (D:8)
  Grinder (D:3)
  An orc warrior (D:6)
  3 ice beasts
  2 sky beasts
  A necrophage (D:5)
  4 ogres
  A centaur (D:7)
  2 gnoll sergeants
  A scorpion (D:6)
  5 wights (D:6)
  A howler monkey (D:4)
  4 crimson imps
  A hound (D:6)
  2 centaur skeletons
  3 orc priests
  A bullfrog skeleton (D:5)
  3 orc wizards
  3 iguanas (D:6)
  5 worker ants
  Natasha (thrice) (D:2)
  A killer bee zombie (D:6)
  A hound skeleton (D:4)
  Robin (D:3)
  16 adders
  12 gnolls
  3 shadow imps
  5 oozes
  An adder zombie (D:7)
  An adder skeleton (D:4)
  6 worms
  A leopard gecko (D:2)
  18 orcs
  18 giant cockroaches
  17 goblins
  17 hobgoblins
  3 jackals (D:6)
  4 quokkas
  A ball python (D:2)
  12 bats
  3 frilled lizards
  12 kobolds
  A quokka zombie (D:7)
  2 rats (D:2)
204 creatures vanquished.

Notes
Turn   | Place    | Note
-------+----------+-------------------------------------------
     0 | D:1      | havocjr2 the Gnoll Gladiator began the quest for the Orb.
     0 | D:1      | Reached XP level 1. HP: 20/20 MP: 1/1
   298 | D:1      | Reached XP level 2. HP: 26/26 MP: 2/2
   585 | D:2      | Reached XP level 3. HP: 26/31 MP: 3/3
   867 | D:2      | Reached skill level 1 in Invocations
   908 | D:2      | Reached skill level 1 in Short Blades
   908 | D:2      | Reached skill level 1 in Long Blades
   908 | D:2      | Reached skill level 1 in Maces & Flails
   908 | D:2      | Reached skill level 1 in Polearms
   908 | D:2      | Reached skill level 1 in Staves
   908 | D:2      | Reached skill level 1 in Slings
   908 | D:2      | Reached skill level 1 in Bows
   908 | D:2      | Reached skill level 1 in Crossbows
   908 | D:2      | Reached skill level 1 in Armour
   908 | D:2      | Reached skill level 1 in Stealth
   908 | D:2      | Reached skill level 1 in Shields
   908 | D:2      | Reached skill level 1 in Unarmed Combat
   908 | D:2      | Reached skill level 1 in Spellcasting
   908 | D:2      | Reached skill level 1 in Evocations
   918 | D:2      | Noticed Natasha
   926 | D:2      | Killed Natasha
   926 | D:2      | Reached XP level 4. HP: 24/38 MP: 5/5
  1045 | D:2      | Found a bloodstained altar of Trog.
  1062 | D:2      | Became a worshipper of Trog the Wrathful
  1097 | D:2      | Reached skill level 1 in Conjurations
  1097 | D:2      | Reached skill level 1 in Hexes
  1097 | D:2      | Reached skill level 1 in Charms
  1097 | D:2      | Reached skill level 1 in Summonings
  1097 | D:2      | Reached skill level 1 in Necromancy
  1097 | D:2      | Reached skill level 1 in Translocations
  1097 | D:2      | Reached skill level 1 in Transmutations
  1097 | D:2      | Reached skill level 1 in Fire Magic
  1097 | D:2      | Reached skill level 1 in Ice Magic
  1097 | D:2      | Reached skill level 1 in Air Magic
  1097 | D:2      | Reached skill level 1 in Earth Magic
  1097 | D:2      | Reached skill level 1 in Poison Magic
  1478 | D:2      | Reached XP level 5. HP: 40/43 MP: 6/6
  1774 | D:2      | Noticed Natasha
  1778 | D:2      | Killed Natasha
  1857 | D:2      | Noticed Natasha
  1861 | D:2      | Killed Natasha
  1879 | D:3      | Reached * piety under Trog
  1920 | D:3      | Found a transporter.
  1941 | D:3      | Noticed Robin
  1995 | D:3      | Killed Robin
  1995 | D:3      | Reached XP level 6. HP: 47/50 MP: 8/8
  2150 | D:3      | Reached ** piety under Trog
  2229 | D:3      | Found a transporter.
  2229 | D:3      | Noticed MajorAdolf's ghost (amateur NaWn)
  2248 | D:3      | Noticed Grinder
  2280 | D:3      | Paralysed by Grinder for 7 turns
  2295 | D:3      | Paralysed by Grinder for 5 turns
  2302 | D:3      | Killed Grinder
  2302 | D:3      | Reached skill level 5 in Fighting
  2302 | D:3      | Reached skill level 5 in Throwing
  2302 | D:3      | Reached XP level 7. HP: 17/56 MP: 8/10
  2589 | D:3      | Found a sparkling altar of Nemelex Xobeh.
  2593 | D:3      | Found a basalt altar of Yredelemnul.
  2800 | D:4      | Found a runed translucent door.
  2977 | D:4      | Noticed Tramtrist's ghost (amateur DDFi)
  3077 | D:4      | Found a runed translucent door.
  3207 | D:4      | Found an ornate altar of the Wu Jian Council.
  3796 | D:5      | Entered Level 5 of the Dungeon
  3802 | D:5      | Reached XP level 8. HP: 53/62 MP: 12/12
  4364 | D:5      | Got an encrusted cloak
  4414 | D:5      | Identified the cursed +0 cloak "Toroll" {Str-5 Int+5} (You
                  | found it on level 5 of the Dungeon)
  4459 | D:5      | Reached *** piety under Trog
  5283 | D:6      | Reached XP level 9. HP: 56/68 MP: 14/14
  6007 | D:6      | Reached **** piety under Trog
  6713 | D:7      | Got an encrusted trident
  6716 | D:7      | Found a staircase to the Ecumenical Temple.
  6945 | D:7      | Found a stormy altar of Qazlal.
  7196 | D:8      | Noticed Joseph
  7207 | D:8      | Killed Joseph
  7207 | D:8      | Reached skill level 5 in Invocations
  7307 | D:8      | Noticed a two-headed ogre
  7315 | D:8      | Slain by a two-headed ogre

Skill      XL: |  1  2  3  4  5  6  7  8  9 |
---------------+----------------------------+-----
Invocations    | 1 2 3 4 5 |  5.1
Short Blades   | 1 2 3 4 |  4.6
Long Blades    | 1 2 3 4 |  4.6
Maces & Flails | 1 2 3 4 |  4.6
Polearms       | 1 2 3 4 |  4.6
Staves         | 1 2 3 4 |  4.6
Slings         | 1 2 3 4 |  4.6
Bows           | 1 2 3 4 |  4.6
Crossbows      | 1 2 3 4 |  4.6
Armour         | 1 2 3 4 |  4.6
Stealth        | 1 2 3 4 |  4.6
Shields        | 1 2 3 4 |  4.6
Unarmed Combat | 1 2 3 4 |  4.6
Spellcasting   | 1 2 3 4 |  4.6
Evocations     | 1 2 3 4 |  4.6
Conjurations   | 1 2 3 |  3.8
Hexes          | 1 2 3 |  3.8
Charms         | 1 2 3 |  3.8
Summonings     | 1 2 3 |  3.8
Necromancy     | 1 2 3 |  3.8
Translocations | 1 2 3 |  3.8
Transmutations | 1 2 3 |  3.8
Fire Magic     | 1 2 3 |  3.8
Ice Magic      | 1 2 3 |  3.8
Air Magic      | 1 2 3 |  3.8
Earth Magic    | 1 2 3 |  3.8
Poison Magic   | 1 2 3 |  3.8
Fighting       | 5 6 |  6.6
Throwing       | 5 6 |  6.6
Axes           | 7 8 |  8.1
Dodging        | 7 8 |  8.1

Action                   |  1- 3 |  4- 6 |  7- 9 || total
-------------------------+-------+-------+-------++-------
Melee: War axe           |    63 |   184 |   271 ||   518
       Bite              |     4 |    23 |    35 ||    62
       Punch             |     1 |     2 |    11 ||    14
Throw: Tomahawk          |       |    12 |    58 ||    70
       Throwing net      |       |     1 |     6 ||     7
       Stone             |       |       |     7 ||     7
  Use: Scroll            |       |       |    11 ||    11
       Potion            |       |       |     1 ||     1
 Stab: Sleeping          |     2 |     1 |       ||     3
       Held in net/web   |       |       |     1 ||     1
  Eat: Chunk             |       |     5 |    16 ||    21
Armor: Leather armour    |     7 |     8 |       ||    15
       Ring mail         |       |    33 |    26 ||    59
       Chain mail        |       |       |    70 ||    70
Dodge: Dodged            |    53 |   144 |   184 ||   381
